 Dungeon Crawl Stone Soup version 0.31.0-32-g396128a36d (webtiles) character file.

Game seed: 1491516987248964692

156 NotreDorf the Grasshopper (level 5, -3/43 HPs)
             Began as a Gnoll Warper on Mar 30, 2024.
             Incinerated by a bombardier beetle (5 damage)
             ... with a burning spray
             ... on level 3 of the Dungeon.
             The game lasted 00:10:06 (2439 turns).

NotreDorf the Grasshopper (Gnoll Warper)            Turns: 2439, Time: 00:10:06

Health: -3/43      AC:  7    Str: 11    XL:     5   Next: 37%
Magic:  12/12      EV: 10    Int: 14    God:
Gold:   36         SH:  0    Dex: 11    Spells: 8/14 levels left

rFire   . . .        a - +0 hand axe
rCold   . . .        (no shield)
rNeg    . . .        x - +0 scale mail
rPois   .            (no helmet)
rElec   .            (no cloak)
rCorr   .            (no gloves)
SInv    .            v - +0 pair of boots
Will    .....        (no amulet) Stlth
                     (no ring)
HPRegen 0.27/turn    (no ring)
MPRegen 0.13/turn

%: no passive effects
@: on fire, glowing
A: fangs 1, strong nose, distributed training
a: no special abilities


You were on level 3 of the Dungeon.
You visited 1 branch of the dungeon, and saw 3 of its levels.

You collected 88 gold pieces.
You spent 52 gold pieces at shops.

Inventory:

Hand Weapons
 a - a +0 hand axe (weapon)
Missiles
 d - 7 darts of dispersal (quivered)
 l - 7 poisoned darts
Armour
 b - a +0 leather armour
 v - a +0 pair of boots (worn)
 x - a +0 scale mail (worn)
Jewellery
 m - an amulet of magic regeneration
Talismans
 s - a beast talisman
Scrolls
 c - a scroll of blinking
 g - a scroll of vulnerability {unknown}
 i - 3 scrolls of identify {unknown}
 j - a scroll of teleportation {unknown}
 n - 3 scrolls of immolation {unknown}
 o - a scroll of poison {unknown}
 q - 2 scrolls of fear
 r - a scroll of fog {unknown}
 t - a scroll of revelation {unknown}
 w - 2 scrolls of enchant weapon {unknown}
Potions
 e - 2 potions of curing {unknown}
 f - a potion of might {unknown}
 h - a potion of ambrosia {unknown}
 k - a potion of berserk rage
 p - a potion of enlightenment {unknown}
 u - 2 potions of cancellation


   Skills:
 + Level 4.8 Fighting
 + Level 1.5 Short Blades
 + Level 1.5 Long Blades
 + Level 4.8 Axes
 + Level 1.5 Maces & Flails
 + Level 1.5 Polearms
 + Level 1.5 Staves
 + Level 1.5 Ranged Weapons
 + Level 3.0 Throwing
 + Level 3.0 Armour
 + Level 4.8 Dodging
 + Level 1.5 Stealth
 + Level 1.5 Shields
 + Level 1.5 Unarmed Combat
 + Level 5.2 Spellcasting
 + Level 1.2 Conjurations
 + Level 1.2 Hexes
 + Level 1.2 Summonings
 + Level 1.2 Necromancy
 + Level 5.5 Translocations
 + Level 1.2 Fire Magic
 + Level 1.2 Ice Magic
 + Level 1.2 Air Magic
 + Level 1.2 Earth Magic
 + Level 1.2 Alchemy
 + Level 1.7 Invocations
 + Level 1.5 Evocations
 + Level 1.4 Shapeshifting


You had 8 spell levels left.
You knew the following spells:

 Your Spells              Type           Power      Damage    Failure   Level
a - Vhi's Electric Charg  Tloc/Air       26%        N/A       93%         4
b - Blink                 Tloc           38%        N/A       14%         2

Your spell library contained the following spells:

 Spells                   Type           Power      Damage    Failure   Level
 Lesser Beckoning         Tloc           38%        N/A       14%         2
 Teleport Other           Tloc           19%        N/A       28%         3
 Manifold Assault         Tloc           19%        N/A       67%         4
 Inner Flame              Hex/Fire       7%         N/A       86%         3
 Fulminant Prism          Conj/Alch      3%         3d5       99%         4
 Plasma Beam              Fire/Air       3%         2x1d13    100%        6
 Sculpt Simulacrum        Ice/Alch       3%         N/A       100%        6
 Ozocubu's Refrigeration  Ice            3%         4d8       100%        7
 Polar Vortex             Ice            3%         N/A       100%        9


Dungeon Overview and Level Annotations

Branches:
Dungeon (3/15)

Altars:
Sif Muna

Shops:
D:2 ?


Innate Abilities, Weirdness & Mutations

You have very sharp teeth.
Your uncanny sense of smell can sniff out nearby items.
Your experience applies equally to all skills.


Message History

You barely miss the bombardier beetle.
You punch the bombardier beetle, but do no damage.
Your bite misses the bombardier beetle. You hit the bombardier beetle.
The bombardier beetle is lightly wounded.
The bombardier beetle sprays incendiary fluid at you.
The burning spray hits you.
You are covered in liquid fire!
You hit the bombardier beetle.
The bombardier beetle is heavily wounded.
The liquid fire burns you!
You hit the bombardier beetle. You punch the bombardier beetle.
You bite the bombardier beetle, but do no damage.
The bombardier beetle is almost dead.
The liquid fire burns you!
The bombardier beetle sprays incendiary fluid at you.
The burning spray hits you.
You are even more covered in liquid fire!
You barely miss the bombardier beetle.
The bombardier beetle is almost dead.
The liquid fire burns you!
The bombardier beetle barely misses you.
You hit the bombardier beetle.
You kill the bombardier beetle!
The liquid fire burns you!
* * * LOW HITPOINT WARNING * * *
Your Throwing skill increases to level 3!
Your Armour skill increases to level 3!
You shake off some of the fire as you move.
The liquid fire burns you!
* * * LOW HITPOINT WARNING * * *
You shake off some of the fire as you move.
The liquid fire burns you!
* * * LOW HITPOINT WARNING * * *
You shake off some of the fire as you move.
The liquid fire burns you!
* * * LOW HITPOINT WARNING * * *
You shake off some of the fire as you move.
The liquid fire burns you!
You die...

.....##.###...######..##
.....?...B.......###..##
######.###...........#
## #.# ##..#####...# .
#.# #..# #...# #.#.#
#..# #...# #####.#?#
#..#####..##
#.......####†.....#..#
#..@......###.....#
#########.# ###.# .# #.#
.. #.# ##. #.# . #.# #
#.## #... ##.##


There were no monsters in sight!

Vanquished Creatures
  A bombardier beetle (D:3)
  6 adders
  2 ribbon worms (D:2)
  3 dart slugs (D:1)
  6 endoplasms
  3 giant cockroaches
  5 goblins
  5 hobgoblins
  5 kobolds
  A quokka (D:3)
  7 ball pythons
  5 bats
  7 frilled lizards
  3 rats
59 creatures vanquished.

Notes
Turn   | Place    | Note
-------+----------+-------------------------------------------
     0 | D:1      | NotreDorf the Gnoll Warper began the quest for the Orb.
     0 | D:1      | Reached XP level 1. HP: 20/20 MP: 6/6
   202 | D:1      | Reached XP level 2. HP: 15/26 MP: 7/7
   382 | D:1      | Reached skill level 5 in Spellcasting
   382 | D:1      | Reached XP level 3. HP: 27/31 MP: 7/9
   440 | D:1      | Found a faded altar of an unknown god.
   562 | D:1      | Reached skill level 1 in Invocations
   973 | D:2      | Reached skill level 1 in Short Blades
   973 | D:2      | Reached skill level 1 in Long Blades
   973 | D:2      | Reached skill level 1 in Maces & Flails
   973 | D:2      | Reached skill level 1 in Polearms
   973 | D:2      | Reached skill level 1 in Staves
   973 | D:2      | Reached skill level 1 in Ranged Weapons
   973 | D:2      | Reached skill level 1 in Stealth
   973 | D:2      | Reached skill level 1 in Shields
   973 | D:2      | Reached skill level 1 in Unarmed Combat
   973 | D:2      | Reached skill level 1 in Evocations
  1322 | D:2      | Reached skill level 1 in Shapeshifting
  1322 | D:2      | Reached XP level 4. HP: 24/38 MP: 11/11
  1611 | D:2      | Reached skill level 1 in Conjurations
  1611 | D:2      | Reached skill level 1 in Hexes
  1611 | D:2      | Reached skill level 1 in Summonings
  1611 | D:2      | Reached skill level 1 in Necromancy
  1611 | D:2      | Reached skill level 1 in Fire Magic
  1611 | D:2      | Reached skill level 1 in Ice Magic
  1611 | D:2      | Reached skill level 1 in Air Magic
  1611 | D:2      | Reached skill level 1 in Earth Magic
  1611 | D:2      | Reached skill level 1 in Alchemy
  1688 | D:2      | Found Dyni's Magic Scroll Emporium.
  1699 | D:2      | Bought a scroll of fear for 52 gold pieces
  1998 | D:3      | Learned a level 4 spell: Vhi's Electric Charge
  2001 | D:3      | Learned a level 2 spell: Blink
  2109 | D:3      | Got the Excursus on Burnt Power
  2277 | D:3      | Found a shimmering blue altar of Sif Muna.
  2299 | D:3      | Reached XP level 5. HP: 33/43 MP: 12/12
  2438 | D:3      | HP: 2/43 [burnt (5)]
  2439 | D:3      | Incinerated by a bombardier beetle

Illustrated notes

Levels and vault maps discovered:
D:1:      evilmike_arrival_crescent, layout_loops_ring,
          shapermc_ecumenical_altar_ellora, minmay_split_cup_large
D:2:      layout_rooms, serial_shops, nicolae_shop_statue_plus, minmay_unequal
D:3:      layout_loops_ring, mainiacjoe_overflow_concentric_impassable

Skill      XL: |  1  2  3  4  5 |
---------------+----------------+-----
Spellcasting   | 5 |  5.2
Invocations    | 1 |  1.7
Short Blades   | 1 |  1.5
Long Blades    | 1 |  1.5
Maces & Flails | 1 |  1.5
Polearms       | 1 |  1.5
Staves         | 1 |  1.5
Ranged Weapons | 1 |  1.5
Stealth        | 1 |  1.5
Shields        | 1 |  1.5
Unarmed Combat | 1 |  1.5
Evocations     | 1 |  1.5
Shapeshifting  | 1 |  1.4
Conjurations   | 1 |  1.2
Hexes          | 1 |  1.2
Summonings     | 1 |  1.2
Necromancy     | 1 |  1.2
Fire Magic     | 1 |  1.2
Ice Magic      | 1 |  1.2
Air Magic      | 1 |  1.2
Earth Magic    | 1 |  1.2
Alchemy        | 1 |  1.2
Throwing       | 3 |  3.0
Armour         | 3 |  3.0
Fighting       | |  4.8
Axes           | |  4.8
Dodging        | |  4.8
Translocations | |  5.5

Action                     |  1- 3 |  4- 6 || total
---------------------------+-------+-------++-------
  Melee: Hand axe          |   139 |   115 ||   254
         Bite              |    17 |     9 ||    26
         Punch             |     3 |     5 ||     8
    Use: Potion            |     4 |       ||     4
   Stab: Sleeping          |       |     1 ||     1
 Armour: Leather armour    |    62 |    30 ||    92
         Scale mail        |       |    31 ||    31
  Dodge: Dodged            |    86 |    60 ||   146
